 Dungeon Crawl Stone Soup version 0.26-a0-1120-ga1b6d6fda9 (webtiles) character file.

Game seed: 5603646711075402604

3551 Murumi the Thrower (level 10, -1/147 HPs)
             Began as an Ogre Conjurer on Dec 17, 2020.
             Was a Priest of Okawaru.
             Slain by an unseen horror (7 damage)
             ... on level 8 of the Dungeon.
             The game lasted 00:29:38 (8718 turns).

Murumi the Thrower (Ogre Conjurer)                  Turns: 8718, Time: 00:29:39

Health: -1/147     AC: 25    Str: 16    XL:     10   Next: 9%
Magic:  4/14       EV:  1    Int: 19    God:    Okawaru [***...]
Gold:   509        SH:  0    Dex:  7    Spells: 12/15 levels left

rFire    . . .     SeeInvis .   e - +4 whip (elec)
rCold    . . .     Faith    .   (no shield)
rNeg     + + +     Spirit   .   (armour currently unavailable)
rPois    +         Reflect  .   (helmet currently unavailable)
rElec    .         Harm     .   (cloak currently unavailable)
rCorr    .         Rampage  .   (gloves unavailable)
Will     +....     NoTele   +   (boots unavailable)
Stlth    +++++.....             (no amulet)
HPRegen  0.34/turn              A - ring of stealth
MPRegen  0.14/turn              x - +4 ring of slaying

@: tree-form, heroism
A: large, unfitting armour
a: Renounce Religion, Heroism


You were on level 8 of the Dungeon.
You worshipped Okawaru.
Okawaru was most pleased with you.
You were a tree.
You visited 2 branches of the dungeon, and saw 9 of its levels.

You collected 509 gold pieces.

Inventory:

Hand Weapons
 e - a +4 whip of electrocution (weapon)
 n - a +0 flail of protection
Missiles
 b - 152 stones (quivered)
 j - 20 poisoned darts
 l - 5 boomerangs of dispersal
 v - 6 large rocks
 F - 3 boomerangs
 G - 4 silver boomerangs
Armour
 a - a +0 robe (melded)
 k - a +2 hat (melded)
 D - a +0 kite shield
Jewellery
 s - an uncursed ring of willpower
 x - a +4 ring of slaying (right branch)
 A - a ring of stealth (left branch)
Wands
 y - a wand of random effects (17)
 B - a wand of flame (20)
Scrolls
 i - a scroll of remove curse
 t - a scroll of fog
 w - 2 scrolls of amnesia
 C - a scroll of teleportation
 E - a scroll of enchant armour
Potions
 c - 2 potions of attraction
 d - a potion of lignification
 f - a potion of magic {unknown}
 g - 11 potions of curing
 h - a potion of invisibility {unknown}
 m - 2 potions of degeneration {unknown}
 o - a potion of heal wounds {unknown}
 p - a potion of cancellation {unknown}
 q - a potion of flight {unknown}
 r - 2 potions of haste
 u - 2 potions of berserk rage {unknown}
 z - 2 potions of ambrosia {unknown}


   Skills:
 - Level 6.0(11.0) Fighting
 + Level 6.9(11.9) Maces & Flails
 - Level 8.0(13.0) Throwing
 - Level 3.0(8.0) Dodging
 - Level 5.0(10.0) Stealth
 - Level 3.0 Spellcasting
 - Level 4.0 Conjurations
 - Level 2.0 Invocations
 - Level 1.0 Evocations


You had 12 spell levels left.
You knew the following spells:

 Your Spells              Type           Power        Failure   Level
a - Magic Dart            Conj           72%          3%          1
b - Searing Ray           Conj           36%          4%          2

Your spell library contained the following spells:

 Spells                   Type           Power        Failure   Level
 Dazzling Flash           Conj/Hex       20%          21%         3
 Fulminant Prism          Conj/Hex       5%           54%         4
 Iskenderun's Mystic Bla  Conj/Tloc      10%          54%         4


Dungeon Overview and Level Annotations

Branches:
Dungeon (8/15)             Temple (1/1) D:4
   Lair: D:8-11

Altars:
Ashenzari
Dithmenos
Elyvilon
Fedhas
Gozag
Hepliaklqana
Kikubaaqudgha
Nemelex Xobeh
Okawaru
Qazlal
Ru
Sif Muna
Trog
Vehumet
Xom
Yredelemnul
Zin

Annotations:
D:6 2 transporters, rlgrobin's ghost, novice KoDe


Innate Abilities, Weirdness & Mutations

You are too large for most types of armour.
((You have tough skin. (AC +1)))


Message History

Something hits you.
* * * LOW HITPOINT WARNING * * *
Something hits you!
* * * LOW HITPOINT WARNING * * *
Casting: Searing Ray (safe; 4% risk of failure)
Confirm with . or Enter, or press ? or * to list all spells.
Aiming: Searing Ray (safe; 4% risk of failure)
Press: ? - help, Shift-Dir - straight line, f - troll
Aim: a troll (lightly wounded, 22% to evade)
The searing ray hits the troll.
The troll is moderately wounded. (Press . to maintain the ray.)
Something hits you but does no damage.
The searing ray hits the troll.
The troll is moderately wounded.
Something hits you but does no damage.
The searing ray hits something.
The searing ray hits the troll.
The troll is heavily wounded.
Something hits you!
You die...

.....:..... #..#.##.
..(......# #....##.
###.(.....# #.#..##.
.....(....# #....##.
....(.(...# ##...##.
.....(Zl..###.# #...# . #
#Z......##.# ##..# .
###.#.########.# #..##.
#......†T{♣.>..#######...#.
#.###...#####..#....[.#..#.
###.###.#..#......#....
#.....#..#......#....
######.#..#......#....
.........<........'....
##################......###..
#...........................>
#.###########################


You could see a troll.

Vanquished Creatures
  A gargoyle (D:7)
  4 yaks (D:6)
  Menkaure (D:5)
  Edmund (D:5)
  4 ice beasts
  A black bear (D:6)
  3 ogres
  A sky beast (D:8)
  A phantom (D:6)
  A centaur (D:5)
  6 bullfrogs
  4 wights (D:7)
  3 howler monkeys
  A centaur zombie (D:8)
  A jelly (D:5)
  4 orc priests (D:5)
  A centaur skeleton (D:8)
  A hound (D:4)
  6 orc wizards
  3 iguanas
  4 worker ants
  A howler monkey zombie (D:7)
  12 adders
  A shadow imp (D:3)
  2 white imps
  2 adder zombies
  3 worms
  A dart slug (D:2)
  3 leopard geckos
  16 orcs
  2 giant cockroaches
  2 goblins
  3 hobgoblins
  11 jackals
  4 quokkas
  12 bats
  5 frilled lizards
  2 kobolds (D:1)
  A leopard gecko skeleton (D:5)
  8 rats
143 creatures vanquished.

Notes
Turn   | Place    | Note
-------+----------+-------------------------------------------
     0 | D:1      | Murumi the Ogre Conjurer began the quest for the Orb.
     0 | D:1      | Reached XP level 1. HP: 16/16 MP: 3/3
   371 | D:1      | Reached XP level 2. HP: 24/24 MP: 3/5
   374 | D:1      | Learned a level 2 spell: Searing Ray
  1211 | D:2      | Reached XP level 3. HP: 31/31 MP: 1/7
  1404 | D:2      | Found a shimmering blue altar of Sif Muna.
  1893 | D:2      | Reached skill level 1 in Throwing
  2039 | D:3      | Reached skill level 1 in Maces & Flails
  2039 | D:3      | Reached skill level 1 in Fighting
  2039 | D:3      | Reached XP level 4. HP: 37/41 MP: 0/8
  2123 | D:3      | Noticed an ogre
  2197 | D:3      | Reached skill level 2 in Throwing
  2208 | D:3      | Reached XP level 5. HP: 33/49 MP: 1/9
  3099 | D:3      | Killed an ogre
  3100 | D:3      | Reached skill level 3 in Throwing
  3100 | D:3      | Reached XP level 6. HP: 35/57 MP: 4/10
  3615 | D:4      | Found a staircase to the Ecumenical Temple.
  3623 | Temple   | Entered the Ecumenical Temple
  3720 | Temple   | Became a worshipper of Warmaster Okawaru
  3789 | D:4      | Got a crude jade ring
  3790 | D:4      | Identified the ring of Miracles {*Tele Str-5 Dex+6} (You
                  | found it on level 4 of the Dungeon)
  4375 | D:5      | Entered Level 5 of the Dungeon
  4417 | D:5      | Reached skill level 4 in Throwing
  4422 | D:5      | Reached XP level 7. HP: 67/67 MP: 1/11
  4870 | D:5      | Noticed Edmund
  4880 | D:5      | Reached * piety under Okawaru
  4881 | D:5      | Reached skill level 1 in Invocations
  4886 | D:5      | Killed Edmund
  4887 | D:5      | Reached skill level 1 in Evocations
  4895 | D:5      | Reached XP level 8. HP: 50/78 MP: 3/12
  5071 | D:5      | Reached skill level 5 in Throwing
  5467 | D:5      | Noticed Menkaure
  5470 | D:5      | Killed Menkaure
  5686 | D:6      | Noticed a yak
  5686 | D:6      | Noticed a yak
  5686 | D:6      | Noticed a yak
  5687 | D:6      | Noticed a yak
  5696 | D:6      | Killed a yak
  5696 | D:6      | Reached ** piety under Okawaru
  5697 | D:6      | Reached skill level 5 in Maces & Flails
  5700 | D:6      | Killed a yak
  5701 | D:6      | Reached skill level 6 in Throwing
  5704 | D:6      | Killed a yak
  5705 | D:6      | Reached skill level 5 in Fighting
  5710 | D:6      | Killed a yak
  5711 | D:6      | Reached XP level 9. HP: 38/88 MP: 2/13
  5942 | D:6      | Reached *** piety under Okawaru
  5943 | D:6      | Reached skill level 7 in Throwing
  6148 | D:6      | Found a bloodstained altar of Trog.
  6540 | D:6      | Found a transporter.
  6545 | D:6      | Noticed rlgrobin's ghost (novice KoDe)
  6774 | D:6      | Found a transporter.
  6904 | D:6      | Received a gift from Okawaru
  7370 | D:7      | Received a gift from Okawaru
  7689 | D:7      | Reached skill level 5 in Stealth
  7738 | D:7      | Noticed a gargoyle
  7746 | D:7      | Killed a gargoyle
  8410 | D:8      | Reached skill level 8 in Throwing
  8410 | D:8      | Reached XP level 10. HP: 98/98 MP: 14/14
  8715 | D:8      | HP: 5/147 [something (7)]
  8718 | D:8      | Slain by an unseen horror

Illustrated notes

Levels and vault maps discovered:
D:1:      dpeg_arrival_water_temple_mockup, layout_basic, st_stairs_6
D:2:      layout_rooms, led_sif_pool
D:3:      layout_rooms
D:4:      layout_basic, minmay_temple_entry_mini_moons
D:5:      layout_basic, uniq_menkaure, uniq_edmund
D:6:      layout_loops_ring, lemuel_crystal_altar, gammafunk_ghost_stat_death
D:7:      layout_basic
D:8:      layout_basic, overflow_temple_1_default, minmay_nine_imps
Temple:   lightli_temple_of_artemis

Skill      XL: |  1  2  3  4  5  6  7  8  9 |
---------------+----------------------------+-----
Conjurations   | 4 |  4.0
Spellcasting   | 3 |  3.0
Dodging        | 2 3 |  3.0
Stealth        | 2 3 4 5 |  5.0
Throwing       | 1 2 3 4 6 8 |  8.0
Maces & Flails | 1 2 3 4 5 6 |  6.9
Fighting       | 1 2 3 4 5 6 |  6.0
Invocations    | 1 2 |  2.0
Evocations     | 1 |  1.0

Action                   |  1- 3 |  4- 6 |  7- 9 | 10-12 || total
-------------------------+-------+-------+-------+-------++-------
Melee: Whip              |    16 |    22 |   101 |    14 ||   153
Throw: Stone             |     2 |    17 |   112 |    13 ||   144
       Dart              |       |    21 |     6 |       ||    27
       Large rock        |       |       |     8 |       ||     8
       Boomerang         |       |       |     3 |       ||     3
 Cast: Magic Dart        |    41 |    30 |     3 |       ||    74
       Searing Ray       |     5 |    11 |    14 |     2 ||    32
Invok: Heroism           |       |       |     2 |     1 ||     3
  Use: Scroll            |     6 |     1 |     9 |       ||    16
       Potion            |       |       |       |     1 ||     1
 Stab: Sleeping          |     1 |       |     3 |     1 ||     5
Armor: Robe              |     8 |     9 |    14 |     6 ||    37
       Skin              |       |       |       |     7 ||     7
Dodge: Dodged            |    11 |    16 |    44 |     9 ||    80

Table legend: (Time is in decaauts)
 A = Elapsed time spent in this place.
 B = Non-inter-level travel time spent in this place.
 C = Inter-level travel time spent in this place.
 D = Time resting spent in this place.
 E = Time spent auto-exploring this place.
 F = Levels seen in this place.
 G = Mean time per level.
                   A        B        C        D        E       F      G
               +--------+--------+--------+--------+--------+-----+--------+
         Total |   8681 |   7956 |    725 |    143 |   6952 |   9 |  964.6 |
       Dungeon |   8575 |   7869 |    706 |    143 |   6866 |   8 | 1071.9 |
        Temple |    105 |     87 |     18 |      0 |     86 |   1 |  105.0 |
               +--------+--------+--------+--------+--------+-----+--------+

Top non-repeatable levels by time:
     D:6: 1314 daAuts
     D:3: 1236 daAuts
     D:7: 1221 daAuts
     D:5: 1169 daAuts
     D:1: 1107 daAuts
     D:4: 1068 daAuts
     D:2: 973 daAuts
     D:8: 484 daAuts
  Temple: 105 daAuts
